 Dungeon Crawl Stone Soup version 0.26-a0-1132-ge9770dfcb6 (webtiles) character file.

Game seed: 2636376885418961284

10283 voltaire321 the Covert (level 11, 0/96 HPs)
             Began as a Kobold Enchanter on Dec 19, 2020.
             Was an Elder of Dithmenos.
             Slain by a cane toad (5 damage)
             ... on level 1 of the Lair of Beasts on Dec 20, 2020.
             The game lasted 01:02:20 (14139 turns).

voltaire321 the Covert (Kobold Enchanter)          Turns: 14139, Time: 01:02:21

Health: 0/96       AC:  7    Str:  7    XL:     11   Next: 90%
Magic:  14/18      EV: 20    Int: 16    God:    Dithmenos [****..]
Gold:   539        SH:  6    Dex: 18    Spells: 11/20 levels left

rFire    . . .     SeeInvis .   A - +2 dagger (drain)
rCold    + . .     Faith    .   K - +0 buckler
rNeg     . . .     Spirit   .   b - +0 robe
rPois    .         Reflect  .   x - +1 hat
rElec    .         Harm     .   y - +1 cloak
rCorr    .         Rampage  .   v - +1 pair of gloves
Will     .....                  (no boots)
Stlth    ..........             (no amulet)
HPRegen  0.26/turn              i - ring of wizardry
MPRegen  0.16/turn              D - ring of protection from cold

@: berserking, lethally poisoned (0 -> -5), wreathed by umbra, very quick
A: small, nightstalker 3
a: Renounce Religion, Shadow Step


You were on level 1 of the Lair of Beasts.
You worshipped Dithmenos.
Dithmenos was greatly pleased with you.
You visited 3 branches of the dungeon, and saw 12 of its levels.

You collected 539 gold pieces.

Inventory:

Hand Weapons
 a - a +1 dagger
 A - a +2 dagger of draining (weapon)
 N - a +1 rapier
Missiles
 c - 27 boomerangs
 n - 4 atropa-tipped darts
 q - 31 poisoned darts (quivered)
Armour
 b - a +0 robe (worn)
 v - a +1 pair of gloves (worn)
 x - a +1 hat (worn)
 y - a +1 cloak (worn)
 H - a +0 kite shield
 K - a +0 buckler (worn)
Magical Staves
 s - an uncursed staff of fire {unknown}
 z - an uncursed staff of fire {unknown}
Jewellery
 i - a ring of wizardry (left hand)
 u - an uncursed amulet of guardian spirit
 B - an uncursed ring of resist corrosion
 D - a ring of protection from cold (right hand)
 L - an uncursed ring of protection from fire
Wands
 o - a wand of digging (12)
 M - a wand of polymorph (15)
Scrolls
 f - 7 scrolls of identify
 h - 3 scrolls of amnesia
 l - 2 scrolls of teleportation
 m - 2 scrolls of fear
 p - 6 scrolls of remove curse
 w - a scroll of fog
 I - a scroll of immolation
Potions
 d - 3 potions of curing
 e - 4 potions of heal wounds
 g - 4 potions of flight
 j - 3 potions of berserk rage
 k - 2 potions of mutation
 r - a potion of brilliance
 t - 2 potions of haste
 G - a potion of attraction
 J - a potion of invisibility
Miscellaneous
 C - a box of beasts


   Skills:
 + Level 6.0 Fighting
 + Level 7.6 Short Blades
 + Level 7.5 Dodging
 + Level 9.8 Stealth
 * Level 4.6 Shields
 + Level 5.0 Spellcasting
 - Level 6.0 Hexes
 - Level 6.0 Summonings
 - Level 6.0 Ice Magic
 + Level 5.6 Invocations


You had 11 spell levels left.
You knew the following spells:

 Your Spells              Type           Power        Failure   Level
a - Ensorcelled Hibernat  Hex/Ice        46%          1%          2
b - Confusing Touch       Hex            23%          1%          3
d - Summon Ice Beast      Ice/Summ       23%          6%          4

Your spell library contained the following spells:

 Spells                   Type           Power        Failure   Level
 Corona                   Hex            25%          1%          1
 Summon Small Mammal      Summ           92%          1%          1
 Call Imp                 Summ           23%          1%          2
 Call Canine Familiar     Summ           23%          1%          3
 Summon Guardian Golem    Hex/Summ       23%          1%          3
 Tukima's Dance           Hex            23%          1%          3
 Animate Skeleton         Necr           8%           6%          1
 Apportation              Tloc           8%           6%          1
 Magic Dart               Conj           16%          6%          1
 Dazzling Flash           Conj/Hex       26%          6%          3
 Searing Ray              Conj           8%           10%         2
 Fulminant Prism          Conj/Hex       6%           19%         4
 Summon Lightning Spire   Summ/Air       13%          19%         4
 Iskenderun's Mystic Bla  Conj/Tloc      4%           52%         4


Dungeon Overview and Level Annotations

Branches:
Dungeon (10/15)            Temple (1/1) D:4            Lair (1/6) D:10
    Orc: D:9-12

Altars:
Ashenzari
Cheibriados
Dithmenos
Elyvilon
Fedhas
Gozag
Hepliaklqana
Kikubaaqudgha
Makhleb
Nemelex Xobeh
Okawaru
Qazlal
Ru
Sif Muna
Trog
Uskayaw
Vehumet
Wu Jian
Xom
Yredelemnul
Zin
The Shining One

Shops:
D:7 *


Innate Abilities, Weirdness & Mutations

You are small and have problems with some larger weapons.
You are completely attuned to the shadows.


Message History

The cane toad is heavily wounded.
You are too berserk!
You puncture the cane toad! You drain the cane toad.
You kill the cane toad!
Dithmenos accepts your kill.
You closely miss the cane toad.
* * * LOW HITPOINT WARNING * * *
You feel sick. You block the cane toad's attack.
You hit the cane toad but do no damage. You drain the cane toad.
The cane toad is lightly wounded.
You hit the cane toad.
The cane toad is lightly wounded.
* * * LOW HITPOINT WARNING * * *
You feel sick. You block the cane toad's attack.
You hit the cane toad.
The cane toad is moderately wounded.
You puncture the cane toad! You drain the cane toad.
The cane toad is almost dead.
The cane toad stings you.
You die...

......+......#.....
.....8#..#.........
........##...#..... #.....
#...####.#...#..............
#... ##...#.......#.......
....#####....#.......#......#
. #.........#..............##
. ...†......#..F.............
# #............@†...P........
## #.........P#####.##........
.###..........................
....................F.........
#...............##########.#..
+...............# ##..
#...............#
#....######.###.# #...## ###
.#


You could see a cane toad (drained).

Vanquished Creatures
  2 two-headed ogres
  A cane toad (Lair:1)
  A komodo dragon (Lair:1)
  Sigmund (D:7)
  A wyvern (Lair:1)
  11 yaks
  Edmund (D:7)
  3 water moccasins
  2 ice beasts (D:8)
  4 sky beasts
  5 orc warriors
  2 black bears
  2 phantoms (D:7)
  2 necrophages (D:9)
  3 ogres
  5 centaurs
  12 bullfrogs
  2 big kobolds
  2 gnoll sergeants
  5 scorpions
  A wyvern skeleton (D:7)
  8 killer bees (D:8)
  6 wights
  2 electric eels (D:9)
  5 bullfrog zombies
  A quasit (D:7)
  3 jellies
  6 orc priests
  9 hounds
  2 centaur skeletons
  9 orc wizards
  Terence (D:2)
  5 iguanas
  9 worker ants
  9 gnolls
  10 adders
  5 white imps
  2 ufetubi (D:6)
  3 oozes
  2 adder skeletons
  A worm (D:2)
  4 dart slugs
  2 leopard geckos
  34 orcs
  10 bats
  9 giant cockroaches
  7 goblins
  9 hobgoblins
  11 jackals
  3 quokkas
  A ball python (D:3)
  3 frilled lizards (D:3)
  A jackal skeleton (D:7)
  16 kobolds
  2 quokka skeletons
  A rat (D:2)
279 creatures vanquished.

Vanquished Creatures (others)
  31 fungi (D:10)
  33 plants
64 creatures vanquished.

Grand Total: 343 creatures vanquished

Notes
Turn   | Place    | Note
-------+----------+-------------------------------------------
     0 | D:1      | voltaire321 the Kobold Enchanter began the quest for the
                  | Orb.
     0 | D:1      | Reached XP level 1. HP: 10/10 MP: 3/3
   483 | D:1      | Reached XP level 2. HP: 15/15 MP: 5/5
   486 | D:1      | Learned a level 2 spell: Ensorcelled Hibernation
   831 | D:1      | Reached XP level 3. HP: 19/19 MP: 6/6
  1345 | D:2      | Learned a level 3 spell: Confusing Touch
  1356 | D:2      | Reached skill level 1 in Ice Magic
  1421 | D:2      | Found a snail-covered altar of Cheibriados.
  1657 | D:2      | Found a glowing silver altar of Zin.
  1679 | D:2      | Reached XP level 4. HP: 24/24 MP: 7/7
  1714 | D:2      | Noticed Terence
  1719 | D:2      | Killed Terence
  2096 | D:2      | Reached skill level 5 in Stealth
  2245 | D:2      | Reached XP level 5. HP: 28/28 MP: 5/9
  2309 | D:2      | Found a sparkling altar of Nemelex Xobeh.
  2309 | D:2      | Found an iron altar of Okawaru.
  2313 | D:2      | Found a glowing golden altar of the Shining One.
  2757 | D:3      | Reached skill level 1 in Fighting
  3621 | D:3      | Reached XP level 6. HP: 34/34 MP: 7/10
  4148 | D:4      | Found a staircase to the Ecumenical Temple.
  4154 | Temple   | Entered the Ecumenical Temple
  4245 | Temple   | Became a worshipper of Dithmenos the Shadowed
  4491 | D:4      | Noticed a sky beast
  4495 | D:4      | Killed a sky beast
  4569 | D:4      | Reached XP level 7. HP: 39/39 MP: 11/11
  4955 | D:4      | Reached skill level 6 in Stealth
  5349 | D:5      | Entered Level 5 of the Dungeon
  5571 | D:5      | Learned a level 4 spell: Summon Ice Beast
  5833 | D:5      | Reached skill level 1 in Summonings
  6318 | D:5      | Reached skill level 1 in Invocations
  6444 | D:6      | Found a broken altar of Ashenzari.
  6489 | D:5      | Reached XP level 8. HP: 30/45 MP: 10/13
  6646 | D:6      | Reached * piety under Dithmenos
  7322 | D:6      | You fall into a shaft and drop 1 floor!
  7439 | D:7      | Found Ugriygre's Lightly-Used Armoury.
  7566 | D:7      | Reached skill level 7 in Stealth
  7598 | D:7      | Reached XP level 9. HP: 51/51 MP: 12/15
  7779 | D:7      | Noticed Edmund
  7782 | D:7      | Killed Edmund
  7811 | D:7      | Noticed Sigmund
  7813 | D:7      | Killed Sigmund
  7814 | D:7      | Reached skill level 5 in Dodging
  8273 | D:7      | Reached skill level 5 in Short Blades
  8664 | D:7      | Reached ** piety under Dithmenos
  8905 | D:7      | Found an ancient bone altar of Kikubaaqudgha.
  9165 | D:6      | Reached skill level 5 in Hexes
  9907 | D:8      | Reached XP level 10. HP: 57/57 MP: 13/16
 10173 | D:8      | Reached skill level 8 in Stealth
 10184 | D:8      | Reached skill level 5 in Summonings
 10234 | D:8      | Reached skill level 1 in Shields
 10294 | D:8      | Noticed a two-headed ogre
 10652 | D:8      | Killed a two-headed ogre
 10653 | D:8      | Reached skill level 5 in Spellcasting
 10653 | D:8      | Reached skill level 5 in Ice Magic
 10848 | D:8      | Reached *** piety under Dithmenos
 11410 | D:8      | Reached skill level 5 in Fighting
 11590 | D:8      | Found a blossoming altar of Fedhas.
 12473 | D:9      | Reached XP level 11. HP: 63/63 MP: 18/18
 12697 | D:10     | Entered Level 10 of the Dungeon
 12727 | D:10     | Reached **** piety under Dithmenos
 12882 | D:10     | Reached skill level 9 in Stealth
 13020 | D:10     | Reached skill level 5 in Invocations
 13730 | D:10     | Noticed a two-headed ogre
 13734 | D:10     | Killed a two-headed ogre
 13752 | D:10     | Found a staircase to the Lair.
 13987 | Lair:1   | Entered Level 1 of the Lair of Beasts
 14139 | Lair:1   | Slain by a cane toad

Illustrated notes

Levels and vault maps discovered:
D:1:      psy_arrival_basics, layout_rooms, serial_forest,
          infiniplex_forest_diagonal, infiniplex_forest_clump_small,
          infiniplex_forest_lined_2, infiniplex_forest_lined_2,
          infiniplex_forest_straight_2, infiniplex_forest_clump_medium,
          infiniplex_forest_lined_room_3
D:2:      layout_basic, zin_academy, grunt_temple_overflow_diamond,
          kennysheep_slug_shrine, uniq_terence
D:3:      wander_river, layout_loops_cross
D:4:      layout_loops_corners, minmay_temple_entry_sparse_star,
          chequers_serial_rivers_micro_a
D:5:      layout_basic, minivault_24, skrybe_limestone_x
D:6:      layout_loops_cross, cheibrodos_ashenzari_chains
D:7:      layout_layer_cave, kennysheep_mini_moat, minmay_shop_damaged,
          grunt_ministairs_7, sigmund_edmund_badplayer
D:8:      layout_rooms, chequers_serial_rivers_micro_e, fedhas_altar_2
D:9:      wad_river_or_something, layout_gridville
D:10:     layout_roguey, due_lair_maze_entry_diamond, fountainhead
Temple:   eino_temple_scatter_basement
Lair:1:   layout_chaotic_city, grunt_megastairs_5

Skill      XL: |  1  2  3  4  5  6  7  8  9 10 11 |
---------------+----------------------------------+-----
Ice Magic      | 1 2 3 4 5 6 |  6.0
Short Blades   | 2 3 4 5 6 7 |  7.6
Dodging        | 3 4 5 6 7 |  7.5
Stealth        | 5 6 7 8 9 |  9.8
Fighting       | 1 2 3 4 5 6 |  6.0
Spellcasting   | 3 4 5 |  5.0
Summonings     | 1 3 4 5 6 |  6.0
Invocations    | 1 2 3 4 5 |  5.6
Hexes          | 4 5 6 |  6.0
Shields        | 3 4 |  4.6

Action                   |  1- 3 |  4- 6 |  7- 9 | 10-12 || total
-------------------------+-------+-------+-------+-------++-------
Melee: Dagger            |   118 |   134 |   258 |   248 ||   758
Throw: Dart              |       |       |     1 |     2 ||     3
 Cast: Corona            |    12 |     2 |       |     1 ||    15
       Ensorcelled Hiber |     1 |    37 |    52 |   109 ||   199
       Confusing Touch   |       |       |    11 |     7 ||    18
  Use: Scroll            |       |     1 |     6 |    15 ||    22
       Potion            |       |       |       |     2 ||     2
 Stab: Sleeping          |    15 |    44 |    56 |    99 ||   214
       Confused          |       |       |     7 |     6 ||    13
       Distracted        |       |       |     2 |     2 ||     4
Armor: Robe              |    19 |    33 |    41 |    29 ||   122
Dodge: Dodged            |    82 |   106 |   177 |   202 ||   567
Block: Buckler           |       |       |       |     8 ||     8

Table legend: (Time is in decaauts)
 A = Elapsed time spent in this place.
 B = Non-inter-level travel time spent in this place.
 C = Inter-level travel time spent in this place.
 D = Time resting spent in this place.
 E = Time spent auto-exploring this place.
 F = Levels seen in this place.
 G = Mean time per level.
                   A        B        C        D        E       F      G
               +--------+--------+--------+--------+--------+-----+--------+
         Total |  14019 |  13628 |    391 |   4206 |   5741 |  12 | 1168.2 |
       Dungeon |  13653 |  13262 |    391 |   4206 |   5530 |  10 | 1365.3 |
        Temple |    224 |    224 |      0 |      0 |    211 |   1 |  224.0 |
          Lair |    141 |    141 |      0 |      0 |      0 |   1 |  141.0 |
               +--------+--------+--------+--------+--------+-----+--------+

Top non-repeatable levels by time:
     D:7: 2261 daAuts
     D:2: 1538 daAuts
     D:8: 1377 daAuts
     D:5: 1312 daAuts
     D:3: 1312 daAuts
    D:10: 1257 daAuts
     D:1: 1228 daAuts
     D:6: 1198 daAuts
     D:4: 1100 daAuts
     D:9: 1064 daAuts
  Temple: 224 daAuts
  Lair:1: 141 daAuts
